 Dungeon Crawl Stone Soup version 0.29-a0-821-g66395355a5 (webtiles) character file.

Game seed: 1863606915011294883

327 quixfox the Chopper (level 6, -6/56 HPs)
             Began as a Hill Orc Fighter on July 8, 2022.
             Mangled by an ogre
             ... wielding a +0 giant spiked club
              (13 damage)
             ... on level 4 of the Dungeon.
             The game lasted 00:06:55 (2665 turns).

quixfox the Chopper (Hill Orc Fighter)              Turns: 2665, Time: 00:06:56

Health: -6/56      AC:  9    Str: 21    XL:     6   Next: 50%
Magic:  6/6        EV:  9    Int:  8    God:
Gold:   227        SH:  4    Dex: 10    Spells: 5/5 levels left

rFire   + . .      SeeInvis .   l - +8 mace "Voxkif" {vorpal, rF+ rC+++ rCorr}
rCold   + + +      Faith    .   c - +0 buckler
rNeg    . . .      Spirit   .   b - +0 scale mail
rPois   .          Reflect  .   (no helmet)
rElec   .          Harm     .   (no cloak)
rCorr   +          Rampage  .   k - +0 pair of gloves
Will    .....                   h - +0 pair of boots
Stlth   ..........              (no amulet)
HPRegen 0.18/turn               (no ring)
MPRegen 0.10/turn               (no ring)

@: lethally poisoned (-6 -> -11)
A: no striking features
a: no special abilities


You were on level 4 of the Dungeon.
You visited 1 branch of the dungeon, and saw 4 of its levels.

You collected 227 gold pieces.

Inventory:

Hand Weapons
 a - a +0 war axe
 l - the +8 mace "Voxkif" (weapon) {vorpal, rF+ rC+++ rCorr}
   (You found it on level 2 of the Dungeon)

   It inflicts extra damage upon your enemies.
   rF:        It protects you from fire.
   rC:        It renders you almost immune to cold.
   rCorr:     It protects you from acid and corrosion.
Missiles
 f - 5 javelins (quivered)
Armour
 b - a +0 scale mail (worn)
 c - a +0 buckler (worn)
 h - a +0 pair of boots (worn)
 k - a +0 pair of gloves (worn)
Wands
 r - a wand of polymorph (9)
Scrolls
 g - a scroll of blinking {unknown}
 j - 2 scrolls of fog
 p - a scroll of enchant armour {unknown}
 q - a scroll of fear {unknown}
Potions
 d - a potion of might
 e - a potion of curing
 i - a potion of ambrosia {unknown}
 m - a potion of attraction {unknown}
 n - 2 potions of heal wounds {unknown}
 o - a potion of mutation {unknown}


   Skills:
 + Level 5.2 Fighting
 * Level 6.5 Axes
 + Level 4.7 Armour
 - Level 3.2 Shields


You had 5 spell levels left.
You didn't know any spells.
Your spell library contained the following spells:

 Spells                   Type           Power      Damage    Failure   Level
 Conjure Flame            Conj/Fire      0%         6-21      99%         3
 Ignite Poison            Fire/Tmut/Pois 0%         N/A       99%         3
 Sticky Flame             Conj/Fire      0%         2d3       100%        4


Dungeon Overview and Level Annotations

Branches:
Dungeon (4/15)
 Temple: D:4-7

Altars:
Fedhas
Xom

Shops:
D:1 [


Message History

You start resting.
A kobold comes into view. It is wielding a +0 short sword.
The kobold shouts!
There is a stone staircase leading up here.
You hit the kobold.
You kill the kobold!
An orc comes into view. It is wielding a +0 quarterstaff.
The orc shouts!
Things that are here:
a +0 short sword; a scroll labelled MYLYSTRO OROWA A scorpion comes into view.
There is a stone staircase leading up here.
An orc is nearby!
The orc hits you with a +0 quarterstaff.
You sock the orc!
You kill the orc!
Things that are here:
a +0 quarterstaff; an orc corpse
Found 13 gold pieces.
The scorpion stings you.
The scorpion stings you but does no damage.
You closely miss the scorpion.
The scorpion stings you but does no damage.
An ogre comes into view. It is wielding a +0 giant spiked club.
An adder comes into view.
The adder hisses angrily.
The ogre shouts!
You hit the scorpion.
The scorpion is moderately wounded.
The scorpion closely misses you. The scorpion stings you.
You are poisoned.
The scorpion poisons you!
You sock the scorpion!
You kill the scorpion!
You feel very sick.
The ogre hits you with a +0 giant spiked club!
* * * LOW HITPOINT WARNING * * *
* * * LOW HITPOINT WARNING * * *
You feel sick. The ogre attacks as you move away!
The ogre hits you with a +0 giant spiked club!
You die...

#### ##. #####..##
.... #.##....##....$
##..............
..#(<...)@....#
#..........)).O.###
##........#.....#
..........#.....S...
..........##..#....#
..........#..!.#...#
#.##.#.........#...#
.. ####.......##....
..... ..


You could see an ogre and an adder.

Vanquished Creatures
  2 scorpions (D:4)
  4 crimson imps (D:3)
  A river rat (D:3)
  A worm (D:2)
  2 dart slugs (D:1)
  An orc (D:4)
  4 bats
  5 endoplasms
  2 giant cockroaches
  2 goblins (D:3)
  4 hobgoblins
  3 quokkas
  9 ball pythons
  A frilled lizard (D:1)
  5 kobolds
  10 rats
56 creatures vanquished.

Notes
Turn   | Place    | Note
-------+----------+-------------------------------------------
     0 | D:1      | quixfox the Hill Orc Fighter began the quest for the Orb.
     0 | D:1      | Reached XP level 1. HP: 19/19 MP: 1/1
   114 | D:1      | Reached skill level 3 in Axes
   225 | D:1      | Reached XP level 2. HP: 27/27 MP: 2/2
   516 | D:1      | Reached XP level 3. HP: 27/33 MP: 3/3
   617 | D:1      | Found Koufot's Armour Shoppe.
   732 | D:2      | Reached skill level 4 in Axes
   742 | D:2      | Identified the +8 mace "Voxkif" {vorpal, rF+ rC+++ rCorr}
  1808 | D:3      | Found a blossoming altar of Fedhas.
  2001 | D:3      | Found a shimmering altar of Xom.
  2010 | D:3      | Reached XP level 4. HP: 39/41 MP: 4/4
  2016 | D:3      | Reached skill level 5 in Axes
  2016 | D:3      | Reached XP level 5. HP: 45/47 MP: 5/5
  2584 | D:4      | Reached skill level 5 in Fighting
  2584 | D:4      | Reached skill level 6 in Axes
  2584 | D:4      | Reached XP level 6. HP: 28/56 MP: 6/6
  2665 | D:4      | Mangled by an ogre

Illustrated notes

Levels and vault maps discovered:
D:1:      lightli_arrival_statue_moat, layout_basic, serial_shops,
          nicolae_shop_window_shopping, item_on_display_a
D:2:      layout_loops_cross
D:3:      layout_loops_corners, led_xom_imps, fedhas_altar_fruit_tree,
          portal_sewer_entry_e
D:4:      layout_cave_pools, nemelex_dance_club_becter

Skill      XL: |  1  2  3  4  5 |
---------------+----------------+-----
Axes           | 3 4 5 6 |  6.5
Fighting       | 4 5 |  5.2
Armour         | 4 |  4.7
Shields        | |  3.2

Action                   |  1- 3 |  4- 6 || total
-------------------------+-------+-------++-------
Melee: War axe           |    51 |       ||    51
       Mace              |    25 |    37 ||    62
  Use: Scroll            |     4 |       ||     4
Armor: Scale mail        |    31 |    23 ||    54
Dodge: Dodged            |    43 |    16 ||    59
Block: Buckler           |    25 |     6 ||    31

Table legend: (Time is in decaauts)
 A = Elapsed time spent in this place.
 B = Non-inter-level travel time spent in this place.
 C = Inter-level travel time spent in this place.
 D = Time resting spent in this place.
 E = Time spent auto-exploring this place.
 F = Levels seen in this place.
 G = Mean time per level.
                   A        B        C        D        E       F      G
               +--------+--------+--------+--------+--------+-----+--------+
         Total |   2707 |   2659 |     48 |     57 |   1641 |   4 |  676.8 |
       Dungeon |   2707 |   2659 |     48 |     57 |   1641 |   4 |  676.8 |
               +--------+--------+--------+--------+--------+-----+--------+

Top non-repeatable levels by time:
     D:3: 1227 daAuts
     D:1: 709 daAuts
     D:2: 675 daAuts
     D:4: 95 daAuts
